 Dungeon Crawl Stone Soup version 0.19.0-2-gae57169 (webtiles) character file.

2818 Patchouli the Summoner (level 9, -3/52 HPs)
             Began as a Tengu Summoner on Nov 5, 2016.
             Was a Believer of Kikubaaqudgha.
             Slain by a troll (11 damage)
             ... on level 11 of the Dungeon.
             The game lasted 00:49:25 (5099 turns).

Patchouli the Summoner (Tengu Summoner)             Turns: 5099, Time: 00:49:26

Health: -3/52      AC: 16    Str:  8    XL:     9   Next: 72%
Magic:  33/33      EV: 14    Int: 19    God:    Kikubaaqudgha [**....]
Gold:   429        SH:  0    Dex: 15    Spells: 5 memorised, 3 levels left

rFire  . . .     SeeInvis +     i - staff of power
rCold  . . .     Gourm    .     M - +0 troll leather armour
rNeg   . . .     Faith    .     (no shield)
rPois  .         Spirit   .     j - +2 hat
rElec  .         Reflect  .     N - +0 cloak
rCorr  .         Harm     .     V - +2 pair of gloves
MR     .....                    (boots unavailable)
Stlth  ++........               l - amulet of regeneration
                                K - ring of see invisible
                                s - +5 ring of protection

@: hasted, very quick
A: beak, talons 3, able to fly 1
a: Fly, Receive Corpses, Renounce Religion


You were on level 11 of the Dungeon.
You worshipped Kikubaaqudgha.
Kikubaaqudgha was pleased with you.
You were not hungry.

You visited 1 branch of the dungeon, and saw 11 of its levels.

You collected 429 gold pieces.

Inventory:

Hand Weapons
 d - a +0 short sword
 x - a +3 war axe of chopping
 G - a +5 hand axe
 J - a +4 flail
Missiles
 B - 8 javelins (quivered)
Armour
 a - a +0 robe
 j - a +2 hat (worn)
 M - a +0 troll leather armour (worn)
 N - a +0 cloak (worn)
 S - a +0 ring mail of poison resistance
 V - a +2 pair of gloves (worn)
Magical Staves
 i - an uncursed staff of power (weapon)
Jewellery
 l - an amulet of regeneration (around neck)
 s - a +5 ring of protection (left hand)
 K - a ring of see invisible (right hand)
 L - an uncursed amulet of guardian spirit
 R - a cursed amulet of inaccuracy {unknown}
Wands
 C - a wand of confusion (38/48)
 O - a wand of flame (7/48)
 T - a wand of confusion (17/48)
Scrolls
 e - 2 scrolls of amnesia
 f - 7 scrolls of identify
 n - a scroll of recharging
 p - 2 scrolls of noise
 r - 4 scrolls of remove curse
 z - a scroll of blinking {unknown}
 E - 2 scrolls of fog {unknown}
 F - a scroll of random uselessness {unknown}
 P - 2 scrolls of enchant armour {unknown}
 Q - a scroll of torment {unknown}
 U - a scroll of immolation {unknown}
 X - a scroll of vulnerability {unknown}
Potions
 k - a potion of curing
 m - a potion of berserk rage
 o - a potion of degeneration {unknown}
 q - a potion of heal wounds
 t - 4 potions of haste
 H - a potion of cancellation {unknown}
Books
 b - a book of Callings

   Spells                             Type                      Level
   a - Summon Small Mammal            Summoning                    1
   b - Call Imp                       Summoning                    2
   c - Call Canine Familiar           Summoning                    3
   d - Summon Guardian Golem          Hexes/Summoning              3
   e - Summon Lightning Spire         Summoning/Air                4
   f - Summon Ice Beast               Ice/Summoning                4
 w - a book of Maledictions

   Spells                             Type                      Level
   a - Corona                         Hexes                        1
   b - Ensorcelled Hibernation        Hexes/Ice                    2
   c - Confuse                        Hexes                        3
   d - Tukima's Dance                 Hexes                        3
   e - Dazzling Spray                 Conjuration/Hexes            3
 D - a book of the Tempests

   Spells                             Type                      Level
   a - Static Discharge               Conjuration/Air              3
   b - Lightning Bolt                 Conjuration/Air              5
   c - Fireball                       Conjuration/Fire             5
   d - Tornado                        Air                          9
   e - Shatter                        Earth                        9
 I - Kikubaaqudgha's Volume of Dark Rituals
   (Kikubaaqudgha gifted it to you on level 8 of the Dungeon)

   Spells                             Type                      Level
   a - Pain                           Necromancy                   1
   b - Corpse Rot                     Necromancy                   2
   c - Sublimation of Blood           Necromancy                   2
   d - Vampiric Draining              Necromancy                   3
   e - Control Undead                 Necromancy                   4
Comestibles
 c - 2 bread rations
 g - 4 meat rations
 h - 35 fruits
 v - 2 chunks of flesh
 A - a slice of pizza


   Skills:
 * Level 4.0 Fighting
 * Level 3.8 Armour
 + Level 4.8 Dodging
 - Level 2.0 Stealth
 * Level 5.9 Spellcasting
 * Level 2.2 Hexes
 * Level 8.3 Summonings
 + Level 3.4 Necromancy
 * Level 2.5 Ice Magic
 * Level 5.5 Air Magic


You had 3 spell levels left.
You knew the following spells:

 Your Spells              Type           Power        Failure   Level  Hunger
b - Call Imp              Summ           #####...     1%          2    None
c - Call Canine Familiar  Summ           #####...     1%          3    ##.....
g - Summon Guardian Gole  Hex/Summ       ####....     8%          3    ##.....
i - Summon Ice Beast      Ice/Summ       ####....     21%         4    ####...
s - Summon Lightning Spi  Summ/Air       ####....     12%         4    ####...


Dungeon Overview and Level Annotations

Branches:
Dungeon (11/15)              Lair (0/6) D:11
 Temple: D:4-7          Orc: D:9-12

Altars:
Fedhas
Gozag
Kikubaaqudgha
Qazlal
Ru
Uskayaw
Vehumet
Yredelemnul
The Shining One

Shops:
D:4 :}*   D:7 *(   D:9 !


Innate Abilities, Weirdness & Mutations

You have a beak for a mouth.
You have claws for feet.
You can fly.


Message History

* * * LOW HITPOINT WARNING * * *
The bullfrog hits you.
* * * LOW HITPOINT WARNING * * *
The orc misses you.
The orc wizard hits you but does no damage.
The killer bee stings you but does no damage.
The killer bee stings you.
* * * LOW HITPOINT WARNING * * *
You are more poisoned.
The killer bee poisons you!
You feel better.
Your surroundings suddenly seem different.
A troll comes into view.
The troll shouts!
Okay, then.
You feel yourself speed up. The troll misses you. The troll claws you.
* * * LOW HITPOINT WARNING * * *
The troll claws you!
You die...
Kikubaaqudgha rasps: "You have failed me!
Welcome... death!"

*,,,,,,,,,,,,,,,,,*
#..........,,,,,,,*
#.........#*****,,*
#.........# *,,*
*,........# *,,*
*>,.......# *,,*
****#.....# *,,*
#..T..#####*,,******
****#..@.......,,,,,,,,,
#..............,,,,,,,,,
######..#######**,,,,,,,
#..# ******** ####


You could see a troll.

Vanquished Creatures
  A sky beast (D:8)
  A wolf (D:9)
  An orc wizard (D:9)
  An adder (D:9)
  A bat (D:1)
  A quokka (D:8)
  A frilled lizard (D:5)
  A rat (D:1)
8 creatures vanquished.

Vanquished Creatures (collateral kills)
  An ugly thing (D:11)
  Maurice (D:8)
  2 trolls (D:9)
  A two-headed ogre (D:9)
  2 hippogriffs (D:9)
  2 wyverns
  A yak (D:10)
  Grum (D:9)
  A necrophage (D:9)
  2 orc warriors
  2 sky beasts
  2 black bears
  A phantom (D:8)
  An ogre (D:9)
  3 centaurs (D:9)
  3 wolves (D:9)
  3 big kobolds (D:9)
  4 bullfrogs
  5 scorpions
  4 wights (D:8)
  2 crimson imps
  A bullfrog zombie (D:8)
  A centaur zombie (D:7)
  2 hounds
  An orc priest (D:9)
  A centaur skeleton (D:7)
  4 iguanas
  4 orc wizards
  5 worker ants
  A howler monkey skeleton (D:10)
  4 adders
  3 shadow imps
  An ooze (D:2)
  An adder zombie (D:6)
  A worm (D:2)
  A dart slug (D:1)
  6 leopard geckos
  16 orcs
  3 bats
  A giant cockroach (D:4)
  A hobgoblin (D:3)
  7 jackals
  8 kobolds
  2 quokkas
  A frilled lizard (D:1)
  3 goblins
  A leopard gecko zombie (D:7)
124 creatures vanquished.

Vanquished Creatures (others)
  A troll (D:10)
  An orc (D:11)
2 creatures vanquished.

Grand Total: 134 creatures vanquished

Notes
Turn   | Place    | Note
-------+----------+-------------------------------------------
     0 | D:1      | Patchouli the Tengu Summoner began the quest for the Orb.
     0 | D:1      | Reached XP level 1. HP: 10/10 MP: 4/4
   271 | D:4      | Found a glowing golden altar of the Shining One.
   291 | D:4      | Reached XP level 2. HP: 4/15 MP: 0/6
   363 | D:4      | Learned a level 2 spell: Call Imp
   364 | D:4      | Found Urghauzukh's Gadget Emporium.
   373 | D:4      | Found Matwom's Book Emporium.
   441 | D:4      | Reached skill level 5 in Summonings
   531 | D:4      | Found Xiaseuj's Assorted Antiques.
   534 | D:4      | Noticed a phantom
   638 | D:3      | Reached XP level 3. HP: 19/19 MP: 3/7
   643 | D:3      | Learned a level 3 spell: Call Canine Familiar
   695 | D:3      | Found a basalt altar of Yredelemnul.
   725 | D:3      | Found a stormy altar of Qazlal.
   798 | D:3      | Found an ancient bone altar of Kikubaaqudgha.
   798 | D:3      | Found a blossoming altar of Fedhas.
   804 | D:3      | Became a worshipper of Kikubaaqudgha
  1027 | D:2      | Found a basalt altar of Yredelemnul.
  1106 | D:2      | Found a radiant altar of Vehumet.
  1411 | D:5      | Entered Level 5 of the Dungeon
  1446 | D:5      | Reached XP level 4. HP: 24/24 MP: 1/9
  1451 | D:5      | Learned a level 3 spell: Summon Guardian Golem
  1571 | D:6      | Reached skill level 1 in Fighting
  1620 | D:7      | Found Penuskuj's Weapon Boutique.
  1673 | D:7      | Gained mutation: You can fly. [Tengu growth]
  1673 | D:7      | Reached XP level 5. HP: 29/29 MP: 7/11
  1732 | D:7      | Reached skill level 1 in Hexes
  1741 | D:7      | Found Fedam's Assorted Antiques.
  1855 | D:7      | Reached skill level 1 in Necromancy
  1870 | D:7      | Noticed a centaur
  1888 | D:7      | Noticed a phantom
  1915 | D:8      | Found a hide-covered altar of Uskayaw.
  2043 | D:8      | Found an opulent altar of Gozag.
  2077 | D:8      | Reached XP level 6. HP: 34/34 MP: 2/12
  2202 | D:8      | Reached * piety under Kikubaaqudgha
  2202 | D:8      | Identified Kikubaaqudgha's Volume of Dark Rituals (Kikubaaqudgha gifted it to you on level 8 of the Dungeon)
  2202 | D:8      | Received a gift from Kikubaaqudgha
  2209 | D:8      | Learned a level 4 spell: Summon Lightning Spire
  2254 | D:8      | Noticed a sky beast
  2276 | D:8      | Reached skill level 1 in Air Magic
  2291 | D:8      | Killed a sky beast
  2291 | D:8      | Reached skill level 6 in Summonings
  2391 | D:8      | Noticed Maurice
  2412 | D:8      | Killed Maurice
  2412 | D:8      | Reached XP level 7. HP: 40/40 MP: 8/14
  2469 | D:9      | Noticed a hippogriff
  2469 | D:9      | Noticed a troll
  2477 | D:9      | Reached skill level 1 in Armour
  2819 | D:8      | Found a sacrificial altar of Ru.
  2832 | D:9      | Noticed a troll
  2832 | D:9      | Noticed a two-headed ogre
  3028 | D:9      | Noticed a wyvern
  3033 | D:9      | Killed a wyvern
  3205 | D:8      | Reached XP level 8. HP: 45/45 MP: 3/15
  3447 | D:9      | Killed a troll
  3447 | D:9      | Reached skill level 7 in Summonings
  3507 | D:9      | Found an ancient bone altar of Kikubaaqudgha.
  3565 | D:9      | Noticed Grum
  3577 | D:9      | Reached ** piety under Kikubaaqudgha
  3641 | D:9      | Killed Grum
  3641 | D:9      | Reached skill level 5 in Spellcasting
  3901 | D:9      | Learned a level 4 spell: Summon Ice Beast
  3978 | D:9      | Found Elaimm's Distillery.
  3993 | D:9      | Reached skill level 1 in Ice Magic
  4040 | D:9      | Killed a two-headed ogre
  4040 | D:9      | Reached XP level 9. HP: 51/51 MP: 18/18
  4084 | D:9      | Killed a troll
  4260 | D:9      | Reached skill level 8 in Summonings
  4529 | D:10     | Entered Level 10 of the Dungeon
  4603 | D:10     | Reached skill level 5 in Air Magic
  4723 | D:10     | Noticed a troll
  4733 | D:10     | Killed a troll
  4991 | D:11     | Noticed a brown ugly thing
  5009 | D:11     | Killed a brown ugly thing
  5098 | D:11     | Noticed a troll
  5099 | D:11     | Slain by a troll

Skill      XL: |  1  2  3  4  5  6  7  8  9 |
---------------+----------------------------+-----
Summonings     | 5 6 7 8 |  8.3
Spellcasting   | 3 4 5 |  5.9
Fighting       | 1 2 3 4 |  4.0
Dodging        | 3 4 |  4.8
Hexes          | 1 2 |  2.2
Necromancy     | 1 2 3 |  3.4
Air Magic      | 2 3 4 5 |  5.5
Armour         | 1 2 3 |  3.8
Ice Magic      | 1 2 |  2.5
Stealth        | |  2.0

Action                   |  1- 3 |  4- 6 |  7- 9 || total
-------------------------+-------+-------+-------++-------
Melee: Short sword       |     4 |    22 |       ||    26
       Kick              |     1 |     2 |     5 ||     8
       Peck              |       |     1 |     3 ||     4
       Hand axe          |       |       |    18 ||    18
       Staff             |       |       |     7 ||     7
Throw: Javelin           |       |     1 |       ||     1
 Cast: Summon Small Mamm |    23 |       |       ||    23
       Call Imp          |    14 |    19 |     3 ||    36
       Call Canine Famil |     9 |    16 |    34 ||    59
       Summon Guardian G |       |     2 |    25 ||    27
       Summon Lightning  |       |     1 |    29 ||    30
       Summon Ice Beast  |       |       |     3 ||     3
 Abil: Fly               |       |     1 |       ||     1
Evoke: Wand              |       |     1 |     6 ||     7
  Use: Scroll            |       |     2 |     7 ||     9
       Potion            |       |       |     8 ||     8
 Stab: Sleeping          |     1 |       |     1 ||     2
  Eat: Chunk             |     3 |     4 |    18 ||    25
       Fruit             |     1 |       |     2 ||     3
Armor: Robe              |     4 |     7 |    15 ||    26
       Troll leather arm |       |       |    38 ||    38
Dodge: Dodged            |    19 |    26 |    89 ||   134
